 Dungeon Crawl Stone Soup version 0.32-a0-953-g508020473e (webtiles) character file.

Game seed: 10234581418227575049

105 Cancer the Changeling (level 4, -2/52 HPs)
             Began as a Draconian Shapeshifter on Apr 17, 2024.
             Slain by a water moccasin (3 damage)
             ... on level 3 of the Dungeon.
             The game lasted 00:04:11 (1524 turns).

Cancer the Changeling (Draconian Shapeshifter)      Turns: 1524, Time: 00:04:11

Health: -2/52      AC: 22    Str: 18    XL:     4   Next: 53%
Magic:  4/4        EV:  2    Int: 10    God:
Gold:   137        SH:  0    Dex: 11    Spells: 3/3 levels left

rFire   . . .        g - +0 quarterstaff
rCold   + . .        (shield currently unavailable)
rNeg    . . .        (body armour unavailable)
rPois   +            (helmet currently unavailable)
rElec   .            (cloak currently unavailable)
rCorr   .            (gloves currently unavailable)
SInv    .            (boots currently unavailable)
Will    .....        (no amulet)
Stlth   +            k - ring of protection from cold
HPRegen 0.28/turn    (no ring)
MPRegen 0.09/turn

%: no passive effects
@: tree-form (expiring)
A: stationary, stasis, torment immunity, boosted hp, AC +5, unfitting armour,
(cold-blooded)
a: no special abilities


You were on level 3 of the Dungeon.
You were a tree.
You visited 1 branch of the dungeon, and saw 3 of its levels.

You collected 137 gold pieces.

Inventory:

Hand Weapons
 g - a +0 quarterstaff (weapon)
Jewellery
 k - a ring of protection from cold (left branch)
Talismans
 b - a beast talisman (active)
 c - a flux talisman
Scrolls
 d - 5 scrolls of identify {unknown}
 f - a scroll of vulnerability {unknown}
 j - a scroll of enchant armour {unknown}
 m - a scroll of immolation {unknown}
Potions
 a - a potion of lignification
 e - 2 potions of haste {unknown}
 h - a potion of heal wounds {unknown}
 i - a potion of curing {unknown}
 l - a potion of might {unknown}


   Skills:
 - Level 1.1 Fighting
 - Level 1.7 Dodging
 - Level 3.0 Unarmed Combat
 + Level 5.1 Shapeshifting


You had 3 spell levels left.
You didn't know any spells.
Your spell library was empty.

Dungeon Overview and Level Annotations

Branches:
Dungeon (3/15)

Altars:

Shops:
D:1 !((=(


Innate Abilities, Weirdness & Mutations

You are a tree.
Your roots penetrate the ground, keeping you stationary.
You cannot be teleported.
You are immune to unholy pain and torment.
Your maximum health is greatly increased.
Your equipment is partially melded.
((Your plain brown scales are hard. (AC +5)))
You cannot fit into any form of body armour.
((You are cold-blooded and may be slowed by cold attacks.))


Message History

The adder bites you but does no damage.
The water moccasin bites you but does no damage.
The adder barely misses you. The water moccasin bites you!
You barely miss the adder.
The adder is almost dead.
The water moccasin barely misses you. The adder barely misses you.
You closely miss the adder.
The adder is almost dead.
The water moccasin bites you but does no damage.
The adder bites you but does no damage.
The water moccasin bites you but does no damage.
The adder bites you but does no damage.
You hit the adder.
You kill the adder!
The water moccasin bites you.
* * * LOW HITPOINT WARNING * * *
The water moccasin completely misses you.
You barely miss the water moccasin.
The water moccasin is lightly wounded.
The water moccasin bites you but does no damage.
The water moccasin bites you.
* * * LOW HITPOINT WARNING * * *
You hit the water moccasin but do no damage.
The water moccasin is lightly wounded.
The water moccasin bites you.
* * * LOW HITPOINT WARNING * * *
The water moccasin barely misses you.
You sock the water moccasin!
The water moccasin is heavily wounded.
The water moccasin bites you but does no damage. x2
You closely miss the water moccasin.
The water moccasin is heavily wounded.
Your transformation is almost over.
The water moccasin barely misses you.
You miss the water moccasin.
The water moccasin is heavily wounded.
The water moccasin bites you.
* * * LOW HITPOINT WARNING * * *
The water moccasin bites you.
You die...

...... #.##......#
...... #.........#
...... #########.#
......### #.........
........#######.######[#
........................
........................
........#######......[..
.##....♣# #######..#
#....S# #.........
#....$# #.######.#
#.....# #.# #.....#
####.. #.....# #.....
#.....# #..... #.....#
#..... ##.....


You could see a water moccasin.

Vanquished Creatures
  4 gnolls
  3 adders
  2 dart slugs (D:3)
  A giant cockroach (D:2)
  4 hobgoblins
  4 jackals (D:1)
  2 quokkas
  3 ball pythons
  5 bats
  3 frilled lizards
  6 kobolds
  5 rats
42 creatures vanquished.

Notes
Turn   | Place    | Note
-------+----------+-------------------------------------------
     0 | D:1      | Cancer the Draconian Shapeshifter began the quest for the
                  | Orb.
     0 | D:1      | Reached XP level 1. HP: 16/16 MP: 1/1
    51 | D:1      | Found Moirr's Antique Weapon Shop.
   111 | D:1      | Found Miril's Jewellery Shop.
   121 | D:1      | Found Qashug's Weapon Shoppe.
   124 | D:1      | Found Nujogog's Distillery.
   269 | D:1      | Found a faded altar of an unknown god.
   442 | D:1      | Reached XP level 2. HP: 23/23 MP: 2/2
   559 | D:1      | Reached skill level 4 in Shapeshifting
   589 | D:1      | Found Fiqoiwao's Antique Weapon Shoppe.
   777 | D:2      | Reached XP level 3. HP: 28/28 MP: 3/3
   833 | D:2      | Reached XP level 4. HP: 35/35 MP: 4/4
   839 | D:2      | You fall into a shaft and drop 1 floor!
  1412 | D:3      | Reached skill level 5 in Shapeshifting
  1500 | D:3      | Noticed a water moccasin
  1524 | D:3      | HP: 1/52 [water moccasin (6)]
  1524 | D:3      | Slain by a water moccasin

Illustrated notes

Levels and vault maps discovered:
D:1:      wander_arrival_estate, layout_basic, serial_shops, shop,
          nicolae_shop_behind_doors, nicolae_shop_tiny_statue_garden,
          nicolae_lakefront_shop, shop, chequers_ecumenical_altar_simple_redux,
          nicolae_grassy_gnolls
D:2:      layout_rooms
D:3:      layout_basic, chequers_avenue

Skill      XL: |  1  2  3  4 |
---------------+-------------+-----
Shapeshifting  | 4 5 |  5.1
Fighting       | |  1.1
Dodging        | |  1.7
Unarmed Combat | |  3.0

Action                     |  1- 3 |  4- 6 || total
---------------------------+-------+-------++-------
  Melee: Unarmed           |    28 |       ||    28
         Tailslap          |     6 |     4 ||    10
         Flail             |     9 |       ||     9
         Punch             |     1 |       ||     1
         Quarterstaff      |     8 |    55 ||    63
    Use: Potion            |       |     1 ||     1
   Stab: Sleeping          |     2 |       ||     2
 Armour: Skin              |    25 |   100 ||   125
  Dodge: Dodged            |    19 |    38 ||    57

Table legend: (Time is in decaauts)
 A = Elapsed time spent in this place.
 B = Non-inter-level travel time spent in this place.
 C = Inter-level travel time spent in this place.
 D = Time resting spent in this place.
 E = Time spent auto-exploring this place.
 F = Levels seen in this place.
 G = Mean time per level.
                   A        B        C        D        E       F      G
               +--------+--------+--------+--------+--------+-----+--------+
         Total |   1542 |   1482 |     60 |      0 |   1069 |   3 |  514.0 |
       Dungeon |   1542 |   1482 |     60 |      0 |   1069 |   3 |  514.0 |
               +--------+--------+--------+--------+--------+-----+--------+

Top non-repeatable levels by time:
     D:1: 795 daAuts
     D:2: 397 daAuts
     D:3: 350 daAuts
